 Dungeon Crawl Stone Soup version 0.28-a0-723-g095bd1b44f (webtiles) character file.

Game seed: 16278339707006425394

44 cheechan the Skirmisher (level 3, -1/37 HPs)
             Began as a Naga Wanderer on Oct 25, 2021.
             Slain by a shadow imp (3 damage)
             ... summoned by Natasha
             ... on level 3 of the Dungeon.
             The game lasted 00:07:04 (2574 turns).

cheechan the Skirmisher (Naga Wanderer)             Turns: 2574, Time: 00:07:05

Health: -1/37      AC:  2    Str: 14    XL:     3   Next: 60%
Magic:  3/3        EV:  9    Int: 11    God:
Gold:   106        SH:  0    Dex: 12    Spells: 1/2 levels left

rFire   . . .      SeeInvis +   a - +2 dagger
rCold   . . .      Faith    .   (no shield)
rNeg    . . .      Spirit   .   e - +0 robe
rPois   +          Reflect  .   (no helmet)
rElec   .          Harm     .   (no cloak)
rCorr   .          Rampage  .   (no gloves)
Will    .....                   (no barding)
Stlth   ++........              (no amulet)
HPRegen 0.12/turn               (no ring)
MPRegen 0.08/turn               (no ring)

@: short of breath, very slow
A: AC +1, large, see invisible, deformed body, poison resistance, slowness 2,
spit poison 1, naga tail 1
a: Spit Poison


You were on level 3 of the Dungeon.
You visited 1 branch of the dungeon, and saw 3 of its levels.

You collected 106 gold pieces.

Inventory:

Hand Weapons
 a - a +2 dagger (weapon)
 d - a +0 short sword
 p - a +0 hunting sling
Missiles
 f - 17 sling bullets
 h - 34 stones
 m - 6 javelins
 n - 15 arrows
Armour
 e - a +0 robe (worn)
 g - a +0 ring mail
Scrolls
 c - a scroll of teleportation
Potions
 b - a potion of berserk rage
 j - 2 potions of haste
 k - a potion of curing {unknown}
 l - 3 potions of brilliance {unknown}
 o - a potion of attraction {unknown}


   Skills:
 + Level 4.5 Fighting
 + Level 1.4 Short Blades
 + Level 1.7 Armour
 + Level 0.2 Dodging
 * Level 4.2 Stealth
 + Level 1.0 Shields


You had one spell level left.
You knew the following spells:

 Your Spells              Type           Power      Damage    Failure   Level
a - Magic Dart            Conj           0%         1d3       34%         1

Your spell library contained the following spells:

 Spells                   Type           Power      Damage    Failure   Level
 Searing Ray              Conj           0%         2d4       47%         2
 Dazzling Flash           Conj/Hex       0%         N/A       71%         3
 Animate Dead             Necr           0%         N/A       98%         4
 Fulminant Prism          Conj/Hex       0%         3d6       98%         4
 Agony                    Necr           0%         N/A       100%        5
 Borgnjor's Vile Clutch   Necr/Erth      0%         N/A       100%        5
 Silence                  Hex/Air        0%         N/A       100%        5
 Death Channel            Necr           0%         N/A       100%        6


Dungeon Overview and Level Annotations

Branches:
Dungeon (3/15)

Altars:
Nemelex Xobeh

Annotations:
D:3 Natasha


Innate Abilities, Weirdness & Mutations

Your serpentine skin is tough. (AC +1)
You have supernaturally acute eyesight. (SInv)
Armour fits poorly on your strangely shaped body.
Your system is resistant to poisons. (rPois)
You cover ground very slowly.
You can spit poison.
You have a snake-like lower body.


Message History

You kill the goblin!
Natasha claws you.
You closely miss Natasha. You hit Natasha.
Natasha is moderately wounded.
Natasha barely misses you.
You barely miss Natasha.
Natasha is moderately wounded.
Natasha howls an incantation.
Natasha's front paws start to glow.
Natasha claws you but does no damage.
You hit Natasha.
Natasha is heavily wounded.
Natasha casts a spell.
You hit Natasha.
Natasha is severely wounded.
Natasha claws you but does no damage.
You barely miss Natasha.
Natasha is severely wounded.
You have got your breath back.
The shadow imp shouts, "Crawl home, thou dissembling clapper-clawed pot-faker!"
Natasha claws you!
You barely miss Natasha.
Natasha is severely wounded.
The shadow imp barely misses you. Natasha claws you!
* * * LOW HITPOINT WARNING * * *
You hit Natasha.
Natasha is almost dead.
The shadow imp hits you.
* * * LOW HITPOINT WARNING * * *
Natasha claws you.
* * * LOW HITPOINT WARNING * * *
Okay, then.
Abil: Spit Poison
Press: ? - help, Q - select action, (/) - cycle Shift-Dir - straight line, f - Natasha
Aim: Natasha (almost dead)
The splash of poison hits Natasha but does no damage.
Natasha is almost dead.
The shadow imp hits you.
You die...

#.#.## # ..# #.#..### #
.#.... .###.#....# #
...... ............# #
###?...####..###..≈≈≈.# #
.......#..#..###..≈.≈.###
.......'.)#.......≈≈≈...†
.......####...#.......###
.......5@.....#....#.##
.......h......#....#.#
......#.#.#.#.#....#.#
..... #>#.#..........####
...$ #.#.#.#.#..........
... #.#.. #.........###
.. #.#######.....#.### .
#..........####....
##########.# #....


You could see Natasha and a shadow imp (summoned).

Vanquished Creatures
  An adder (D:3)
  A worm (D:2)
  2 orcs
  An endoplasm (D:2)
  5 goblins
  5 jackals
  A quokka (D:3)
  5 ball pythons
  2 bats (D:1)
  4 frilled lizards
  2 kobolds
  2 rats (D:2)
31 creatures vanquished.

Notes
Turn   | Place    | Note
-------+----------+-------------------------------------------
     0 | D:1      | cheechan the Naga Wanderer began the quest for the Orb.
     0 | D:1      | cheechan set off with the following items: a +2 dagger, a
                  | potion of berserk rage, a scroll of teleportation, a +0
                  | short sword, a +0 robe
     0 | D:1      | Reached XP level 1. HP: 22/22 MP: 1/1
   659 | D:1      | Found a faded altar of an unknown god.
   767 | D:2      | Reached XP level 2. HP: 20/30 MP: 2/2
  1271 | D:2      | HP: 1/31 [orc (4)]
  1677 | D:2      | Learned a level 1 spell: Magic Dart
  1749 | D:2      | Found a sparkling altar of Nemelex Xobeh.
  1845 | D:2      | Reached XP level 3. HP: 16/37 MP: 3/3
  2561 | D:3      | Noticed Natasha
  2574 | D:3      | Slain by a shadow imp

Illustrated notes

Levels and vault maps discovered:
D:1:      minmay_arrival_checkered_box, layout_loops_cross,
          basic_ecumenical_altar, corexii_leaking_fountain
D:2:      layout_loops_ring, basic_altar, palyth_stone_intersect
D:3:      layout_basic, trog_book, grunt_ministairs_1, fountainhead,
          corexii_item_surrounded_by_moat, nrook_mini_backslash,
          roderic_filled_cross, corexii_shack, uniq_natasha

Skill      XL: |  1  2  3 |
---------------+----------+-----
Stealth        | 4 |  4.2
Fighting       | |  4.5
Short Blades   | |  1.4
Armour         | |  1.7
Dodging        | |  0.2
Shields        | |  1.0

Action                   || total
-------------------------++-------
Melee: Dagger            ||    92
 Cast: Magic Dart        ||     4
 Abil: Spit Poison       ||    16
  Use: Scroll            ||     4
       Potion            ||     1
 Stab: Sleeping          ||     1
Armor: Robe              ||    11
Dodge: Dodged            ||    59

Table legend: (Time is in decaauts)
 A = Elapsed time spent in this place.
 B = Non-inter-level travel time spent in this place.
 C = Inter-level travel time spent in this place.
 D = Time resting spent in this place.
 E = Time spent auto-exploring this place.
 F = Levels seen in this place.
 G = Mean time per level.
                   A        B        C        D        E       F      G
               +--------+--------+--------+--------+--------+-----+--------+
         Total |   3122 |   3122 |      0 |   1011 |      0 |   3 | 1040.7 |
       Dungeon |   3122 |   3122 |      0 |   1011 |      0 |   3 | 1040.7 |
               +--------+--------+--------+--------+--------+-----+--------+

Top non-repeatable levels by time:
     D:2: 1527 daAuts
     D:1: 994 daAuts
     D:3: 600 daAuts
